 Dungeon Crawl Stone Soup version 0.22.1-2-g9c5b331383 (webtiles) character file.

385 McIrco the Shield-Bearer (level 6, -1/47 HPs)
             Began as a Demonspawn Fighter on Jan 5, 2019.
             Slain by an iguana (7 damage)
             ... on level 5 of the Dungeon.
             The game lasted 00:06:11 (3373 turns).

McIrco the Shield-Bearer (Demonspawn Fighter)       Turns: 3373, Time: 00:06:11

Health: -1/47      AC: 10    Str: 25    XL:     6   Next: 48%
Magic:  6/6        EV:  8    Int: 15    God:
Gold:   236        SH: 10    Dex: 13    Spells: 5/5 levels left

rFire    + . .     SeeInvis .   a - +0 long sword
rCold    . . .     Gourm    .   c - +0 shield
rNeg     . . .     Faith    .   b - +0 scale mail
rPois    .         Spirit   .   (helmet restricted)
rElec    .         Reflect  .   (no cloak)
rCorr    .         Harm     .   r - +0 pair of gloves
MR       .....                  (no boots)
Stlth    ..........             (no amulet)
HPRegen  0.15/turn              l - +3 ring of strength
MPRegen  0.10/turn              (no ring)

@: mighty, brilliant
A: antennae 1, yellow scales 1, fire resistance 1
a: no special abilities


You were on level 5 of the Dungeon.
You were not hungry.

You visited 1 branch of the dungeon, and saw 5 of its levels.

You collected 236 gold pieces.

Inventory:

Hand Weapons
 a - a +0 long sword (weapon)
Armour
 b - a +0 scale mail (worn)
 c - a +0 shield (worn)
 h - a +0 plate armour
 r - a +0 pair of gloves (worn)
Jewellery
 l - a +3 ring of strength (left hand)
 w - an uncursed ring of protection from fire {unknown}
Wands
 i - a wand of acid (5)
Scrolls
 e - a scroll of fog {unknown}
 g - 8 scrolls of identify {unknown}
 k - a scroll of amnesia {unknown}
 p - a scroll of teleportation {unknown}
 s - a scroll of enchant armour {unknown}
 t - a scroll of remove curse {unknown}
Potions
 d - 2 potions of might
 j - a potion of brilliance
 m - 2 potions of mutation {unknown}
 n - a potion of curing {unknown}
 o - 3 potions of heal wounds {unknown}
 q - a potion of magic {unknown}
 u - a potion of degeneration {unknown}
 v - a potion of flight {unknown}
 x - a potion of lignification {unknown}
Comestibles
 f - 10 rations
 z - 2 chunks of flesh


   Skills:
 - Level 3.0 Fighting
 - Level 1.7 Long Blades
 + Level 4.7 Armour
 + Level 5.4 Shields


You had 5 spell levels left.
You didn't know any spells.
Your spell library was empty.

Dungeon Overview and Level Annotations

Branches:
Dungeon (5/15)
 Temple: D:4-7

Altars:
Makhleb

Annotations:
D:4 Blork the orc


Innate Abilities, Weirdness & Mutations

You have a pair of small antennae on your head.
You are partially covered in yellow scales. (AC +2)
Your flesh is heat resistant. (rF+)


Message History

Things that are here:
a club; a goblin corpse The hound bites you.
* * * LOW HITPOINT WARNING * * *
You block the hound's attack.
You slash the hound!
You kill the hound!
Eating one of 3 chunks of flesh.
You eat one of the 3 chunks of flesh.
This raw flesh tastes terrible.
o - 3 puce potions (gained 1)
You now have 236 gold pieces (gained 14).
You open the door.
An iguana and a phantom come into view.
The iguana hisses angrily.
Found a robe and an amethyst potion.
The phantom blinks!
A crimson imp comes into view.
The crimson imp shouts!
You closely miss the iguana. The iguana bites you!
You die...

##############
#........)...#
....#####.##.####
. ##...#.....
#.....# ##
##...## ##.## #.#
#@# #l# ... .....
...W5[. .........
+.........+
#.!.......#


You could see a phantom, an iguana and a crimson imp.

Vanquished Creatures
  An orc priest (D:4)
  A hound (D:5)
  Jessica (D:3)
  Terence (D:2)
  Natasha (twice) (D:2)
  2 iguanas (D:4)
  An orc wizard (D:4)
  Robin (D:4)
  A worker ant zombie (D:3)
  2 adders
  2 oozes (D:2)
  An adder skeleton (D:4)
  A dart slug (D:2)
  3 leopard geckos
  6 orcs
  3 ball pythons
  4 giant cockroaches
  15 goblins
  11 hobgoblins
  6 jackals
  8 kobolds
  3 bats
  7 frilled lizards
  11 rats
94 creatures vanquished.

Notes
Turn   | Place    | Note
-------+----------+-------------------------------------------
     0 | D:1      | McIrco the Demonspawn Fighter began the quest for the Orb.
     0 | D:1      | Reached XP level 1. HP: 18/18 MP: 1/1
   177 | D:1      | Reached skill level 3 in Shields
   183 | D:1      | Gained mutation: You have a pair of small antennae on your
                  | head. [demonic ancestry]
   183 | D:1      | Reached XP level 2. HP: 24/24 MP: 2/2
   716 | D:1      | Gained mutation: Your flesh is heat resistant. (rF+)
                  | [demonic ancestry]
   716 | D:1      | Reached XP level 3. HP: 20/29 MP: 3/3
   813 | D:2      | Noticed Terence
   824 | D:2      | HP: 1/29 [Terence/flail of holy wrath (8)]
  1418 | D:2      | Killed Terence
  1418 | D:2      | Reached skill level 4 in Shields
  1418 | D:2      | Gained mutation: You are partially covered in yellow
                  | scales. (AC +2) [demonic ancestry]
  1418 | D:2      | Reached XP level 4. HP: 29/35 MP: 4/4
  1628 | D:2      | Noticed Natasha
  1644 | D:2      | Killed Natasha
  1882 | D:2      | Noticed Natasha
  1890 | D:2      | Killed Natasha
  1890 | D:2      | Reached XP level 5. HP: 35/41 MP: 5/5
  2168 | D:3      | Noticed Jessica
  2174 | D:3      | Killed Jessica
  3176 | D:4      | Found a burning altar of Makhleb.
  3178 | D:4      | Noticed a green death
  3223 | D:4      | Reached skill level 5 in Shields
  3223 | D:4      | Reached XP level 6. HP: 44/47 MP: 6/6
  3292 | D:4      | Noticed Robin
  3334 | D:4      | Killed Robin
  3335 | D:4      | Noticed Blork the orc
  3344 | D:4      | HP: 2/47 [Blork the orc/glaive of freezing (1)]
  3349 | D:5      | Entered Level 5 of the Dungeon
  3373 | D:5      | Slain by an iguana

Skill      XL: |  1  2  3  4  5 |
---------------+----------------+-----
Shields        | 3 4 5 |  5.4
Armour         | 3 4 |  4.7
Fighting       | |  3.0
Long Blades    | |  1.7

Action                   |  1- 3 |  4- 6 || total
-------------------------+-------+-------++-------
Melee: Long sword        |   152 |   211 ||   363
Evoke: Wand              |     1 |       ||     1
  Use: Potion            |       |     2 ||     2
  Eat: Chunk             |     1 |     8 ||     9
Armor: Scale mail        |    62 |    98 ||   160
Dodge: Dodged            |    57 |    70 ||   127
Block: Shield            |    94 |   116 ||   210
       Rpst.: Long sword |    19 |    21 ||    40
